 Dungeon Crawl Stone Soup version 0.18.1-48-g4cf74bf (webtiles) character file.

88 lorenzova the Sneak (level 4, 0/21 HPs)
             Began as a Spriggan Enchanter on July 23, 2016.
             Shot with an arrow by a centaur (14 damage)
             ... on level 3 of the Dungeon.
             The game lasted 00:05:08 (2714 turns).

lorenzova the Sneak (Spriggan Enchanter)            Turns: 2714, Time: 00:05:09

Health: 0/21       AC:  3    Str:  5    XL:     4   Next: 29%
Magic:  2/11       EV: 21    Int: 16    God:
Gold:   87         SH:  0    Dex: 16    Spells: 3 memorised, 5 levels left

rFire  . . .     SeeInvis +     k - +4 short sword
rCold  . . .     Gourm    .     b - +1 robe
rNeg   . . .     Faith    .     (shield restricted)
rPois  .         Spirit   .     (helmet restricted)
rElec  .         Dismiss  .     (no cloak)
rCorr  .         Reflect  .     (gloves unavailable)
SustAt .         Harm     .     (boots unavailable)
MR     .....                    (no amulet)
Stlth  +++.......               (no ring)
                                o - +3 ring of evasion

@: very slightly contaminated, very quick, not resistant to hostile
enchantments, fairly stealthy
A: unfitting armour, see invisible, herbivore 3, speed 3, slow metabolism 2
a: no special abilities


You were on level 3 of the Dungeon.
You were very hungry.

You visited 1 branch of the dungeon, and saw 3 of its levels.

You collected 87 gold pieces.

Inventory:

Hand Weapons
 a - a +1 dagger
 k - a +4 short sword (weapon)
Armour
 b - a +1 robe (worn)
Jewellery
 o - a +3 ring of evasion (left hand)
Scrolls
 e - 2 scrolls of blinking {unknown}
 f - a scroll of random uselessness {unknown}
 g - a scroll of remove curse {unknown}
 h - a scroll of noise {unknown}
 i - a scroll of identify {unknown}
 m - a scroll of enchant armour {unknown}
 n - 2 scrolls of teleportation {unknown}
 p - 2 scrolls of fog {unknown}
Potions
 j - a potion of lignification {unknown}
 l - a potion of curing {unknown}
Books
 c - a book of Maledictions

   Spells                             Type                      Level
   a - Corona                         Hexes                        1
   b - Ensorcelled Hibernation        Hexes/Ice                    2
   c - Confuse                        Hexes                        3
   d - Tukima's Dance                 Hexes                        3
   e - Dazzling Spray                 Conjuration/Hexes            3
Comestibles
 d - 2 bread rations
 q - a fruit


   Skills:
 - Level 1.1 Short Blades
 - Level 3.0 Dodging
 + Level 5.1 Stealth
 * Level 4.2 Spellcasting
 * Level 4.8 Hexes


You had 5 spell levels left.
You knew the following spells:

 Your Spells              Type           Power        Failure   Level  Hunger
a - Corona                Hex            ###....      2%          1    None
b - Ensorcelled Hibernat  Hex/Ice        ##....       12%         2    ##.....
c - Confuse               Hex            ###.....     10%         3    ###....


Dungeon Overview and Level Annotations

Branches:
Dungeon (3/15)

Altars:
Kikubaaqudgha
Ru


Innate Abilities, Weirdness & Mutations

You are tiny and cannot use many weapons and most armour.
You have supernaturally acute eyesight.
You are a herbivore.
You cover ground extremely quickly.
You need consume almost no food.


Message History

Casting: Confuse
Confirm with . or Enter, or press ? or * to list all spells.
Aiming: Confuse
Press: ? - help, Shift-Dir - straight line, f/p - centaur
Aim: a centaur, wielding a shortbow (chance to defeat MR: 49%)
You miscast Confuse.
You are very lightly contaminated with residual magic.
Nothing appears to happen.
The centaur shoots an arrow.
The arrow barely misses you.
Casting: Confuse
Confirm with . or Enter, or press ? or * to list all spells.
Aiming: Confuse
Press: ? - help, Shift-Dir - straight line, f/p - centaur
Aim: a centaur, wielding a shortbow (chance to defeat MR: 49%)
The centaur resists with some effort.
You are feeling very hungry.
The centaur shoots an arrow.
The arrow barely misses you.
The centaur shoots an arrow.
The arrow hits you!
Ouch! That really hurt!
You die...

........# ........##
#........# #.....c..#
#...K..... #.......$#
####### #........#
#.....# #.([.....#
######.....#####@.......#
...............(.........
#≈.#############........#
..≈.# ########## .≈..#
..≈.# #≈..# ....# ..#.#


You could see a centaur and a kobold.

Vanquished Creatures
  2 adders (D:2)
  2 worms (D:2)
  A giant gecko (D:1)
  4 orcs (D:3)
  5 giant cockroaches
  7 goblins
  7 hobgoblins
  3 jackals (D:2)
  9 kobolds
  A quokka (D:2)
  5 bats
  3 giant newts (D:2)
  6 rats
55 creatures vanquished.

Notes
Turn   | Place    | Note
--------------------------------------------------------------
     0 | D:1      | lorenzova the Spriggan Enchanter began the quest for the Orb.
     0 | D:1      | Reached XP level 1. HP: 9/9 MP: 5/5
   116 | D:1      | Reached XP level 2. HP: 12/13 MP: 7/7
   120 | D:1      | Learned a level 2 spell: Ensorcelled Hibernation
  1187 | D:2      | Reached XP level 3. HP: 16/16 MP: 9/9
  1541 | D:2      | Learned a level 3 spell: Confuse
  1755 | D:2      | Reached skill level 5 in Stealth
  1755 | D:2      | Reached XP level 4. HP: 11/21 MP: 0/11
  2331 | D:2      | Found an ancient bone altar of Kikubaaqudgha.
  2691 | D:3      | Found a sacrificial altar of Ru.
  2708 | D:3      | Noticed a centaur
  2714 | D:3      | Shot with an arrow by a centaur

Skill      XL: |  1  2  3 |
---------------+----------+-----
Spellcasting   | 3 4 |  4.2
Hexes          | 4 |  4.8
Stealth        | 5 |  5.1
Short Blades   | |  1.1
Dodging        | |  3.0

Action                   |  1- 3 |  4- 6 || total
-------------------------+-------+-------++-------
Melee: Dagger            |   141 |       ||   141
       Short sword       |       |    45 ||    45
 Cast: Corona            |     1 |       ||     1
       Ensorcelled Hiber |    16 |     2 ||    18
       Confuse           |       |     4 ||     4
 Stab: Sleeping          |    15 |     3 ||    18
       Distracted        |     1 |       ||     1
Armor: Robe              |    27 |     9 ||    36
Dodge: Dodged            |   126 |    33 ||   159
